 Dungeon Crawl Stone Soup version 0.22-a0-785-g6253c82ace (webtiles) character file.

201 Nakatomy the Chopper (level 5, 0/70 HPs)
             Began as a Hill Orc Berserker on July 19, 2018.
             Was a Believer of Trog.
             Slain by an iguana (9 damage)
             ... on level 4 of the Dungeon on July 20, 2018.
             The game lasted 00:11:25 (4414 turns).

Nakatomy the Chopper (Hill Orc Berserker)           Turns: 4414, Time: 00:11:25

Health: 0/70       AC:  6    Str: 26    XL:     5   Next: 79%
Magic:  5/5        EV: 10    Int:  7    God:    Trog [**....]
Gold:   220        SH:  0    Dex: 10    Spells: 4/4 levels left

rFire    . . .     SeeInvis .   a - +0 hand axe
rCold    . . .     Gourm    .   (no shield)
rNeg     . . .     Faith    .   r - +0 scale mail
rPois    .         Spirit   .   (no helmet)
rElec    .         Reflect  .   (no cloak)
rCorr    .         Harm     .   (no gloves)
MR       .....                  (no boots)
Stlth    ..........             (no amulet)
HPRegen  0.21/turn              (no ring)
MPRegen  0.09/turn              (no ring)

@: berserking, very quick
A: no striking features
a: Berserk, Trog's Hand, Renounce Religion


You were on level 4 of the Dungeon.
You worshipped Trog.
Trog was pleased with you.
You were very hungry.

You visited 1 branch of the dungeon, and saw 4 of its levels.

You collected 220 gold pieces.

Inventory:

Hand Weapons
 a - a +0 hand axe (weapon)
 g - a +0 hunting sling
Armour
 b - a +0 animal skin
 r - a +0 scale mail (worn)
Jewellery
 n - a +3 ring of intelligence {unknown}
Wands
 k - a wand of polymorph (8)
Scrolls
 i - 2 scrolls of identify {unknown}
 j - a scroll of random uselessness {unknown}
 m - 4 scrolls of remove curse {unknown}
 p - a scroll of blinking {unknown}
 q - a scroll of fog {unknown}
Potions
 d - a potion of might {unknown}
 e - 5 potions of curing
 f - a potion of haste {unknown}
 h - a potion of lignification {unknown}
 l - a potion of invisibility {unknown}
 o - a potion of brilliance {unknown}
Comestibles
 c - 4 rations


   Skills:
 + Level 4.5 Fighting
 + Level 7.0 Axes
 + Level 3.3 Armour
 - Level 1.5 Dodging
 - Level 0.3 Stealth


You had 4 spell levels left.
You didn't know any spells.
Your spell library contained the following spells:

 Spells                   Type           Power        Failure   Level  Hunger
 Animate Dead             Necr           N/A          100%        4    #####..
 Pain                     Necr           #...         71%         1    ##.....
 Animate Skeleton         Necr           N/A          71%         1    ##.....
 Vampiric Draining        Necr           #.........   97%         3    ####...
 Regeneration             Chrm/Necr      #.........   97%         3    ####...


Dungeon Overview and Level Annotations

Branches:
Dungeon (4/15)
 Temple: D:4-7

Altars:


Message History

The iguana bites you but does no damage.
You hit the iguana.
The iguana is moderately wounded.
The iguana barely misses you.
You hit the iguana but do no damage.
The iguana is moderately wounded.
The iguana bites you!
You closely miss the iguana.
The iguana is moderately wounded.
The iguana bites you!
* * * LOW HITPOINT WARNING * * *
A red film seems to cover your vision as you go berserk!
You feel yourself moving faster!
You feel mighty!
You are feeling very hungry.
The iguana bites you!
* * * LOW HITPOINT WARNING * * *
You barely miss the iguana.
The iguana is moderately wounded.
The iguana bites you!
You die...

# ###### ####.#
#..... ...... +.....
...... #..... ......
#..... ..##..
#....l##### ..#
#@...# ..# #....#
..#.. #....# ..#..
#....# ..#... #....#
..##.. ########....#
####..###...........#
#....#...........#
#....#...........#


You could see an iguana.

Vanquished Creatures
  An orc wizard (D:4)
  A hound (D:4)
  Jessica (D:2)
  5 adders
  A leopard gecko (D:2)
  10 orcs
  7 bats
  3 giant cockroaches
  3 goblins
  8 hobgoblins
  3 jackals (D:3)
  A quokka (D:2)
  A ball python (D:2)
  2 frilled lizards
  9 kobolds
  3 rats
59 creatures vanquished.

Notes
Turn   | Place    | Note
-------+----------+-------------------------------------------
     0 | D:1      | Nakatomy the Hill Orc Berserker began the quest for the Orb.
     0 | D:1      | Reached XP level 1. HP: 19/19 MP: 1/1
   107 | D:1      | Reached XP level 2. HP: 22/26 MP: 2/2
   273 | D:2      | Reached skill level 5 in Axes
   735 | D:2      | Noticed Jessica
   754 | D:2      | Killed Jessica
   754 | D:2      | Reached XP level 3. HP: 21/31 MP: 3/3
   993 | D:2      | Reached skill level 6 in Axes
  1212 | D:2      | Reached XP level 4. HP: 36/39 MP: 4/4
  2252 | D:2      | Identified Jessica's Tome of Dark Arts
  2325 | D:3      | Reached ** piety under Trog
  3292 | D:3      | Reached XP level 5. HP: 45/46 MP: 5/5
  3822 | D:4      | HP: 2/47 [poisoned by an adder]
  4209 | D:4      | Reached skill level 7 in Axes
  4276 | D:4      | Upgraded the game from 0.22-a0-779-g6f83d72c62 to 0.22-a0-785-g6253c82ace
  4414 | D:4      | Slain by an iguana

Vault maps used:
D:1:      scummos_arrival_checkerplants
D:2:      serial_curves, eino_curves_01, eino_curves_03,
          kennysheep_jessica_study

Skill      XL: |  1  2  3  4  5 |
---------------+----------------+-----
Axes           | 5 6 7 |  7.0
Fighting       | 4 |  4.5
Armour         | 3 |  3.3
Dodging        | |  1.5
Stealth        | |  0.3

Action                   |  1- 3 |  4- 6 || total
-------------------------+-------+-------++-------
Melee: Hand axe          |    47 |   191 ||   238
Invok: Berserk           |     2 |     5 ||     7
  Use: Potion            |       |     1 ||     1
  Eat: Chunk             |     3 |    13 ||    16
Armor: Animal skin       |     9 |    18 ||    27
       Scale mail        |       |     2 ||     2
Dodge: Dodged            |    18 |   107 ||   125

Table legend:
 A = Spawn XP
 B = Non-spawn XP
 C = Spawn XP percentage of total XP
 D = Spawn monster count
 E = Non-spawn monster count
 F = Spawn count percentage of total count
 G = Total turns spent on level
                    A         B        C        D         E        F      G
               +---------+---------+-------+---------+---------+-------+---------
         Total |       0 |     288 |   0.0 |       0 |      59 |   0.0 |  4414
               +---------+---------+-------+---------+---------+-------+---------
           D:1 |       0 |      19 |   0.0 |       0 |      11 |   0.0 |   650
           D:2 |       0 |     104 |   0.0 |       0 |      21 |   0.0 |  1667
           D:3 |       0 |      45 |   0.0 |       0 |      20 |   0.0 |  1155
           D:4 |       0 |     120 |   0.0 |       0 |       7 |   0.0 |   942
               +---------+---------+-------+---------+---------+-------+---------
